 Dungeon Crawl Stone Soup version 0.29.1-12-g30fa7ad0bf (webtiles) character file.

Game seed: 18200148397603577816

46545 ThatPearl the Fighter (level 14, -1/119 HPs)
             Began as a Demonspawn Berserker on Jan 11, 2023.
             Was a High Priest of Trog.
             Slain by Donald
             ... wielding a +2 double sword of holy wrath
              (11 damage)
             ... on level 2 of the Orcish Mines on Jan 12, 2023.
             The game lasted 00:48:14 (18135 turns).

ThatPearl the Fighter (Demonspawn Berserker)       Turns: 18135, Time: 00:48:15

Health: -1/119     AC: 18    Str: 31    XL:     14   Next: 5%
Magic:  0/14       EV: 10    Int: 15    God:    Trog [*****.]
Gold:   1315       SH: 11    Dex: 12    Spells: 13/13 levels left

rFire   + + .      SeeInvis .   e - +9 war axe of Fuvoeng {drain, Str+6 Int+6 Dex-4}
rCold   . . .      Faith    .   O - +1 kite shield {AC+3}
rNeg    . . .      Spirit   +   f - +1 scale mail {rF+}
rPois   +          Reflect  .   (helmet restricted)
rElec   .          Harm     .   D - +0 cloak
rCorr   .          Rampage  .   g - +0 pair of gloves
Will    ++++.                   F - +1 pair of boots of the Sneaky Curses {rF+ Will+}
Stlth   ..........              s - amulet of guardian spirit
HPRegen 1.29/turn               j - ring of poison resistance
MPRegen 0.14/turn               E - +6 ring of strength

@: strong-willed, on berserk cooldown, regenerating, slowed, very slow
A: antennae 2, demonic guardian 1, spiny 3, sturdy frame 1
a: Renounce Religion, Berserk, Trog's Hand, Brothers in Arms


You were on level 2 of the Orcish Mines.
You worshipped Trog.
Trog was extremely pleased with you.
You visited 3 branches of the dungeon, and saw 20 of its levels.
You also visited: Ossuary.

You collected 1315 gold pieces.

Inventory:

Hand Weapons
 a - a +3 flail of protection
 e - the +9 war axe of Fuvoeng (weapon) {drain, Str+6 Int+6 Dex-4}
   (You found it on level 6 of the Dungeon)

   A truly terrible weapon, it drains the life of any living foe it strikes.
   Str:       It affects your strength (+6).
   Int:       It affects your intelligence (+6).
   Dex:       It affects your dexterity (-4).
 v - a +4 battleaxe
 L - a +3 battleaxe
 P - a +2 spear of venom
 R - a +2 shortbow of flaming
 W - a +2 antimagic battleaxe
Missiles
 r - 33 poisoned darts (quivered)
 y - 14 javelins
Armour
 f - a +1 scale mail of fire resistance (worn)
 g - a +0 pair of gloves (worn)
 n - the +2 leather armour of the Nine Teeth {rF+ rCorr}
   (You found it on level 3 of the Dungeon)

   rF:        It protects you from fire.
   rCorr:     It protects you from acid and corrosion.
 D - a +0 cloak (worn)
 F - the +1 pair of boots of the Sneaky Curses (worn) {rF+ Will+}
   (You found it on level 6 of the Dungeon)

   rF:        It protects you from fire.
   Will:      It increases your willpower.
 O - a +1 kite shield of protection (worn)
 Q - +0 acid dragon scales
 S - a +2 crystal plate armour
Jewellery
 j - a ring of poison resistance (left hand)
 q - a +6 ring of strength
 s - an amulet of guardian spirit (around neck)
 w - a ring of willpower
 E - a +6 ring of strength (right hand)
 G - a ring of fire
 I - the amulet of Nobility {-Tele rElec rN+ Regen+ MP+9}
   (You found it in an ossuary)

   [amulet of regeneration]

   rElec:     It insulates you from electricity.
   rN:        It protects you from negative energy.
   MP:        It affects your magic capacity (+9).
   -Tele:     It prevents most forms of teleportation.
   Regen:     It increases your rate of health regeneration.
 T - a ring of see invisible
Wands
 b - a wand of polymorph (9)
 p - a wand of roots (15)
 B - a wand of flame (18)
 M - a wand of paralysis (8)
 V - a wand of mindburst (10)
 Z - a wand of digging (12)
Scrolls
 h - 2 scrolls of teleportation
 i - a scroll of brand weapon
 k - 2 scrolls of blinking
 l - 3 scrolls of enchant armour
 o - a scroll of identify
 u - a scroll of fear
 x - 2 scrolls of magic mapping
 C - 3 scrolls of enchant weapon
 Y - a scroll of fog
Potions
 c - 2 potions of magic
 d - 5 potions of curing
 m - a potion of resistance
 t - 8 potions of flight
 H - a potion of ambrosia
 J - a potion of might
 K - 6 potions of heal wounds
 N - 2 potions of mutation
Miscellaneous
 U - a box of beasts


   Skills:
 + Level 13.9 Fighting
 + Level 12.8 Axes
 + Level 11.6 Armour
 - Level 1.7 Dodging
 + Level 9.1 Shields


You had 13 spell levels left.
You didn't know any spells.
Your spell library was empty.

Dungeon Overview and Level Annotations

Branches:
Dungeon (13/15)            Temple (0/1) D:7            Lair (5/5) D:10
 Shoals (0/4) Lair:2        Snake (0/4) Lair:3          Orc (2/2) D:12
Ossuary (visited)
  Slime: Lair:4-5       Elf: Orc:2       Vaults: D:13-14

Altars:
Cheibriados
Fedhas
Makhleb
Okawaru
Qazlal
Sif Muna

Shops:
D:5 ((   Orc:2 (

Annotations:
Orc:2 Donald


Innate Abilities, Weirdness & Mutations

You have a pair of antennae on your head.
A weak demonic guardian rushes to your aid.
You are completely covered in sharp spines.
Your movements are slightly less encumbered by armour. (ER -2)


Message History

Donald gestures wildly while chanting.
Donald seems to speed up.
You slash Donald!
Donald is almost dead.
You closely miss the orc warrior. You slice the orc priest!!
You kill the orc priest!
Trog accepts your kill. You block Donald's attack.
Unknown command.
Donald blocks your attack.
Donald is almost dead.
You hit the deep troll.
You are no longer berserk.
You are exhausted.
You feel yourself slow down.
Donald hits you with a +2 double sword of holy wrath!
You convulse!
* * * LOW HITPOINT WARNING * * *
Blink to where?
Press: ? - help, Dir - move target
As you read the scroll of blinking, it crumbles to dust.
Donald mumbles some strange words.
Donald seems to grow stronger.
As you read the scroll of fear, it crumbles to dust.
You assume a fearsome visage.
Donald resists with some effort.
You block Donald's attack.
Your skin crawls.
You feel strong-willed. You block Donald's attack. Donald barely misses you.
Your ogre goes berserk!
Donald hits you with a +2 double sword of holy wrath!!
* * * LOW HITPOINT WARNING * * *
A demonic guardian appears!
You convulse!
* * * LOW HITPOINT WARNING * * *
The deep troll closely misses your white imp.
The deep troll claws your white imp!
Your white imp dies!
Your white imp disappears in a puff of smoke!
Donald hits you with a +2 double sword of holy wrath!
You die...

OOOOT##[###)..#.#...........##...
##o.§)).#)..$##.................
#..)O.T))))................#....
..o..........................)...
.....##...{..................<.).
#.#.. ##.#..OT................)).
####.#.#.#..##§..O...............
##..$.....#.O.................
#.........@@................
#.....$.....................
##.###..#..............#....
########...................
##..## ##.#.............#..
##....# ##..............##.
#....## ##...........#....#.
##....###...................
###........................


You could see Donald (fast, strong, drained, ally target), 2 two-headed ogres, a
deep troll and a friendly ogre (summoned, berserk).

Vanquished Creatures
  A dire elephant (Lair:5)
  A boulder beetle (D:12)
  2 hydras
  2 centaur warriors (D:8)
  5 two-headed ogres
  2 tengu warriors
  An orc high priest (Orc:2)
  Urug (D:11)
  5 death yaks (Lair:3)
  Nergalle (D:10)
  A lindwurm (Lair:2)
  A harpy (Lair:5)
  2 orc knights (Orc:1)
  2 cyclopes
  3 elephants (Lair:2)
  Joseph (D:8)
  Maurice (D:12)
  2 torpor snails
  A black mamba (Lair:1)
  8 cane toads
  Maggie (D:8)
  6 kobold demonologists
  2 rime drakes
  9 komodo dragons
  A tengu conjurer (D:13)
  A merfolk (D:9)
  5 trolls
  A polar bear (Lair:3)
  Prince Ribbit (D:5)
  4 slime creatures (D:12)
  2 dream sheep (Lair:1)
  6 blink frogs
  A snapping turtle (Lair:5)
  35 yaks
  3 wraiths
  6 wyverns
  A steam dragon (D:9)
  2 wargs (Orc:1)
  Menkaure (D:5)
  4 acid dragons
  12 water moccasins
  12 orc warriors
  2 ice beasts (D:5)
  3 black bears
  A hornet zombie (Ossuary)
  10 ogres
  3 wolves (Lair:4)
  2 phantoms
  2 centaurs
  2 kobold brigands (D:12)
  8 bullfrogs
  2 necrophages
  2 wyvern zombies (Ossuary)
  5 scorpions
  A gnoll sergeant (D:8)
  2 water moccasin zombies (Ossuary)
  12 wights
  18 killer bees
  3 howler monkeys
  An electric eel (Lair:2)
  3 centaur zombies (Ossuary)
  6 bullfrog zombies (Ossuary)
  2 hounds
  12 orc priests
  A jelly (D:7)
  Ijyb (D:3)
  Crazy Yiuf (D:5)
  Jessica (D:3)
  3 iguanas
  12 orc wizards
  15 mummies (Ossuary)
  A howler monkey zombie (Ossuary)
  7 gnolls
  2 adders
  An ufetubus (D:5)
  3 dart slugs
  53 orcs
  10 endoplasms
  8 giant cockroaches
  8 goblins
  10 hobgoblins
  3 jackals (D:5)
  3 quokkas
  13 ball pythons
  2 bats (D:1)
  2 frilled lizards
  24 kobolds
  2 rats
  A rat zombie (D:6)
448 creatures vanquished.

Vanquished Creatures (collateral kills)
  A centaur warrior (D:8)
  A two-headed ogre (D:12)
  An elephant (Lair:2)
  A komodo dragon (Lair:4)
  2 yaks
  An orc wizard (D:11)
7 creatures vanquished.

Vanquished Creatures (others)
  15 fungi
  11 plants
  7 withered plants (Ossuary)
33 creatures vanquished.

Grand Total: 488 creatures vanquished

Notes
Turn   | Place    | Note
-------+----------+-------------------------------------------
     0 | D:1      | ThatPearl the Demonspawn Berserker began the quest for the
                  | Orb.
     0 | D:1      | Reached XP level 1. HP: 18/18 MP: 1/1
   208 | D:1      | Gained mutation: You have a pair of small antennae on your
                  | head. [demonic ancestry]
   208 | D:1      | Reached XP level 2. HP: 23/24 MP: 2/2
   234 | D:1      | Found a faded altar of an unknown god.
   945 | D:1      | Reached ** piety under Trog
  1001 | D:1      | Reached XP level 3. HP: 30/30 MP: 3/3
  1905 | D:3      | Reached skill level 4 in Fighting
  1918 | D:3      | Identified the +2 leather armour of the Nine Teeth {rF+
                  | rCorr}
  1938 | D:3      | Noticed Ijyb
  1945 | D:3      | Killed Ijyb
  1946 | D:3      | Gained mutation: Your movements are slightly less
                  | encumbered by armour. (ER -2) [demonic ancestry]
  1946 | D:3      | Reached XP level 4. HP: 29/37 MP: 4/4
  2335 | D:3      | Noticed Jessica
  2370 | D:3      | Found an iron altar of Okawaru.
  2524 | D:3      | Killed Jessica
  2808 | D:4      | Noticed a phantom
  2923 | D:4      | Reached XP level 5. HP: 38/43 MP: 5/5
  3097 | D:4      | Killed a phantom
  3274 | D:4      | Reached *** piety under Trog
  3725 | D:4      | Reached skill level 5 in Fighting
  3725 | D:4      | Reached XP level 6. HP: 34/51 MP: 6/6
  3861 | D:5      | Entered Level 5 of the Dungeon
  3861 | D:5      | Noticed Menkaure
  3861 | D:5      | Found Ogu Zuxu's Weapon Emporium.
  3922 | D:5      | Killed Menkaure
  4058 | D:5      | Noticed an ice beast
  4079 | D:5      | Killed an ice beast
  4080 | D:5      | Reached skill level 5 in Axes
  4080 | D:5      | Gained mutation: You are partially covered in sharp spines.
                  | [demonic ancestry]
  4080 | D:5      | Reached XP level 7. HP: 35/56 MP: 7/7
  4477 | D:5      | Reached skill level 6 in Fighting
  4498 | D:5      | Found a runed translucent door.
  4592 | D:5      | Noticed Crazy Yiuf
  4607 | D:5      | Noticed Prince Ribbit
  4618 | D:5      | Killed Prince Ribbit
  4619 | D:5      | Reached XP level 8. HP: 60/65 MP: 8/8
  5189 | D:5      | Found Koegrypo's Weapon Emporium.
  5208 | D:5      | Reached skill level 5 in Armour
  5451 | D:5      | Found a shimmering blue altar of Sif Muna.
  5699 | D:5      | Killed Crazy Yiuf
  5858 | D:6      | Reached skill level 7 in Fighting
  6058 | D:6      | Identified the +1 pair of boots of the Sneaky Curses {rF+
                  | Will+}
  6091 | D:6      | Found a sand-covered staircase.
  6101 | Ossuary  | Entered an ossuary
  6328 | Ossuary  | Gained mutation: A weak demonic guardian rushes to your
                  | aid. [demonic ancestry]
  6328 | Ossuary  | Reached XP level 9. HP: 70/72 MP: 9/9
  6345 | Ossuary  | Reached **** piety under Trog
  6538 | Ossuary  | Reached skill level 8 in Fighting
  6601 | Ossuary  | Identified the amulet of Nobility {-Tele rElec rN+ Regen+
                  | MP+9}
  6859 | D:6      | Identified the +9 war axe of Fuvoeng {drain, Str+6 Int+6
                  | Dex-4}
  7235 | D:7      | Found a staircase to the Ecumenical Temple.
  7531 | D:7      | Reached skill level 9 in Fighting
  7681 | D:7      | Reached ***** piety under Trog
  7727 | D:7      | Reached XP level 10. HP: 82/83 MP: 10/10
  7906 | D:8      | Noticed Joseph
  7911 | D:8      | Killed Joseph
  8077 | D:8      | Noticed a centaur warrior
  8078 | D:8      | Noticed a centaur warrior
  8201 | D:8      | Killed a centaur warrior
  8513 | D:8      | Noticed a tengu warrior
  8519 | D:8      | Killed a tengu warrior
  8526 | D:8      | Killed a centaur warrior
  8527 | D:8      | Reached skill level 10 in Fighting
  8970 | D:8      | Found a stormy altar of Qazlal.
  9237 | D:8      | Noticed Maggie
  9247 | D:8      | Reached skill level 1 in Shields
  9247 | D:8      | Killed Maggie
  9386 | D:8      | Noticed a centaur warrior
  9393 | D:8      | Killed a centaur warrior
  9397 | D:8      | Identified the +1 long sword of Reapportionment {venom,
                  | rF+}
  9446 | D:8      | Gained mutation: You are mostly covered in sharp spines.
                  | [demonic ancestry]
  9446 | D:8      | Reached XP level 11. HP: 61/92 MP: 11/11
  9698 | D:9      | Identified the +8 mace of the Twisting Gods {pain, rN+
                  | Dex+7}
  9945 | D:9      | Noticed a two-headed ogre
  9950 | D:9      | a two-headed ogre changed into a merfolk
  9979 | D:9      | Found a blossoming altar of Fedhas.
 10032 | D:9      | Reached skill level 10 in Axes
 10228 | D:9      | Reached skill level 11 in Fighting
 10344 | D:9      | Found a burning altar of Makhleb.
 10344 | D:9      | Noticed an Executioner
 10365 | D:10     | Entered Level 10 of the Dungeon
 10560 | D:10     | Noticed Nergalle
 10569 | D:10     | Killed Nergalle
 10811 | D:10     | Found a staircase to the Lair.
 10833 | D:10     | Found a snail-covered altar of Cheibriados.
 11024 | D:11     | Noticed Urug
 11024 | D:11     | Noticed a two-headed ogre
 11057 | Lair:1   | Entered Level 1 of the Lair of Beasts
 11221 | Lair:1   | Reached skill level 5 in Shields
 11544 | Lair:1   | Gained mutation: You have a pair of antennae on your head.
                  | [demonic ancestry]
 11544 | Lair:1   | Reached XP level 12. HP: 99/101 MP: 12/12
 11873 | Lair:2   | Noticed a four-headed hydra
 11886 | Lair:2   | Killed a four-headed hydra
 11889 | Lair:2   | Reached skill level 12 in Fighting
 12091 | Lair:2   | Identified the +3 robe "Ceir" {Int+7}
 12119 | Lair:2   | Found a staircase to the Shoals.
 12810 | Lair:3   | Noticed a death yak
 12810 | Lair:3   | Noticed a death yak
 12820 | Lair:3   | Noticed a death yak
 12825 | Lair:3   | Noticed a death yak
 12825 | Lair:3   | Noticed a death yak
 12834 | Lair:3   | Killed a death yak
 12841 | Lair:3   | Killed a death yak
 12841 | Lair:3   | Killed a death yak
 12842 | Lair:3   | Reached skill level 10 in Armour
 12844 | Lair:3   | Killed a death yak
 12846 | Lair:3   | Killed a death yak
 12916 | Lair:3   | Found a staircase to the Snake Pit.
 13712 | Lair:4   | Found a burning altar of Makhleb.
 13718 | Lair:4   | Noticed a seven-headed hydra
 13734 | Lair:4   | Killed a seven-headed hydra
 13735 | Lair:4   | Reached XP level 13. HP: 82/109 MP: 13/13
 13983 | Lair:4   | Reached skill level 13 in Fighting
 14417 | Lair:5   | Entered Level 5 of the Lair of Beasts
 14482 | Lair:5   | Noticed a dire elephant
 14499 | Lair:5   | Killed a dire elephant
 14499 | Lair:5   | Received a gift from Trog
 14903 | D:11     | Killed Urug
 15914 | D:12     | Noticed Maurice
 15924 | D:12     | Killed Maurice
 15984 | D:12     | Found a staircase to the Orcish Mines.
 16924 | Orc:1    | Entered Level 1 of the Orcish Mines
 16936 | Orc:1    | HP: 7/166 [orc knight/+0 war axe (13)]
 17517 | Orc:2    | Entered Level 2 of the Orcish Mines
 17624 | Orc:2    | Received a gift from Trog
 18113 | Orc:2    | Noticed Donald
 18117 | Orc:2    | Gained mutation: You are completely covered in sharp
                  | spines. [demonic ancestry]
 18117 | Orc:2    | Reached XP level 14. HP: 104/119 MP: 10/14
 18119 | Orc:2    | Found Vironel's Weapon Shoppe.
 18135 | Orc:2    | Slain by Donald

Illustrated notes

Levels and vault maps discovered:
D:1:      sevenhm_arrival_forest_fort_small_4, layout_loops_corners,
          shapermc_ecumenical_altar_flowoftime, ebering_dispersal_statue_hall
D:2:      layout_loops_ring
D:3:      layout_rooms, mainiacjoe_overflow_concentric_impassable, uniq_ijyb,
          uniq_jessica
D:4:      minmay_spotlight, layout_loops_cross, hex_large,
          kennysheep_generic_room_13
D:5:      layout_layer_cave, gammafunk_temple_overflow_statue, serial_shops,
          nicolae_shop_stone, shop_fountains, uniq_menkaure,
          uniq_prince_ribbit1, uniq_crazy_yiuf_cottage
D:6:      layout_loops_cross, enter_ossuary_3, minmay_crystal_room
D:7:      layout_loops_cross, minmay_temple_entry_mini_moons
D:8:      minmay_tri_box, layout_cave_pods, kennysheep_mini_moat, uniq_maggie,
          uniq_joseph
D:9:      layout_roguey, lemuel_doored_altar, makhleb_altar_promises_db,
          roderic_serpentine_path
D:10:     layout_roguey, cheibriados_altar_1, lair_entry_dummy, uniq_nergalle
D:11:     layout_long_grid, uniq_urug
D:12:     layout_irregular_city, orc_0_dummy, uniq_maurice
D:13:     layout_cave_pools
Lair:1:   layout_long_grid, minmay_hedge_maze, grunt_megastairs_5
Lair:2:   layout_cave_pods, elwin_shoals_entry_rocks, nicolae_lair_lindhole,
          serial_bayou_shore_b, lemuel_fruit_tree, infiniplex_staircase_pool_2
Lair:3:   layout_regular_city, dummy_snake_entry, minivault_25,
          beast_lair_carwin_10
Lair:4:   layout_misc_corridors, basic_altar
Lair:5:   gammafunk_lair_ancient_temple, layout_cave_pods,
          dpeg_slime_entry_corner
Orc:1:    layout_caves, basic_altar
Orc:2:    st_orc_open, layout_caves, serial_shops, shop, uniq_donald

Skill      XL: |  1  2  3  4  5  6  7  8  9 10 11 12 13 |
---------------+----------------------------------------+-----
Axes           | 3 4 5 6 8 9 10 11 12 | 12.8
Fighting       | 4 5 6 7 9 10 11 12 13 | 13.9
Armour         | 2 3 4 6 7 8 9 10 11 | 11.6
Shields        | 2 5 7 9 |  9.1
Dodging        | |  1.7

Action                   |  1- 3 |  4- 6 |  7- 9 | 10-12 | 13-15 || total
-------------------------+-------+-------+-------+-------+-------++-------
Melee: Hand axe          |   114 |    21 |       |       |       ||   135
       Punch             |     1 |     1 |     3 |       |       ||     5
       War axe           |       |    85 |   274 |   288 |   284 ||   931
       Unarmed           |       |     5 |       |       |       ||     5
       Spear             |       |       |       |    21 |       ||    21
Throw: Dart              |       |     7 |     2 |     3 |       ||    12
Invok: Berserk           |     2 |     1 |     1 |     5 |     5 ||    14
       Trog's Hand       |       |       |       |     2 |     1 ||     3
       Brothers in Arms  |       |       |       |     1 |     1 ||     2
Evoke: Wand              |       |       |       |     5 |       ||     5
  Use: Scroll            |       |       |    11 |     7 |    11 ||    29
       Potion            |       |       |       |     2 |       ||     2
Armor: Animal skin       |     3 |       |       |       |       ||     3
       Scale mail        |    52 |    35 |   118 |   142 |    89 ||   436
       Skin              |       |     4 |       |       |       ||     4
Dodge: Dodged            |    50 |    71 |   176 |   135 |    88 ||   520
Block: Kite shield       |       |       |       |   168 |   165 ||   333
